 Dungeon Crawl Stone Soup version 0.26-a0-597-gb535b0901c (webtiles) character file.

Game seed: 4829054265384898964

58 Eifo4Ohj9gu9Dob0ohLe the Ducker (level 3, 0/16 HPs)
             Began as a Spriggan Conjurer on Aug 27, 2020.
             Slain by a bullfrog skeleton (6 damage)
             ... on level 3 of the Dungeon.
             The game lasted 00:15:47 (3063 turns).

Eifo4Ohj9gu9Dob0ohLe the Ducker (Spriggan Conjurer) Turns: 3063, Time: 00:15:49

Health: 0/16       AC:  2    Str:  2 (3)  XL:     3   Next: 76%
Magic:  1/8        EV: 18    Int: 18 (20) God:
Gold:   110        SH:  0    Dex: 12 (14) Spells: 7/8 levels left

rFire    . . .     SeeInvis +   b - +0 hunting sling
rCold    . . .     Faith    .   (shield restricted)
rNeg     . . .     Spirit   .   a - +0 robe
rPois    .         Reflect  .   (helmet restricted)
rElec    .         Harm     .   (no cloak)
rCorr    .                      (gloves unavailable)
MR       .....                  (boots unavailable)
Stlth    ++........             (no amulet)
HPRegen  0.05/turn              (no ring)
MPRegen  0.11/turn              (no ring)

@: very quick
A: very small, unfitting armour, see invisible, speed 3
a: no special abilities


You were on level 3 of the Dungeon.
You visited 1 branch of the dungeon, and saw 3 of its levels.

You collected 110 gold pieces.

Inventory:

Hand Weapons
 b - a +0 hunting sling (weapon)
Missiles
 c - 26 arrows
 d - 99 stones (quivered)
Armour
 a - a +0 robe (worn)
Jewellery
 k - an uncursed ring of ice {unknown}
 l - a +6 ring of dexterity {unknown}
Scrolls
 f - 2 scrolls of remove curse {unknown}
 j - a scroll of fear {unknown}
Potions
 e - a potion of heal wounds
 g - a potion of lignification
 h - a potion of magic {unknown}
 i - a potion of flight {unknown}
 m - a potion of stabbing {unknown}


   Skills:
 * Level 2.4 Slings
 + Level 3.7 Dodging
 + Level 3.2 Stealth
 * Level 3.0 Spellcasting
 + Level 3.3 Conjurations


You had 7 spell levels left.
You knew the following spells:

 Your Spells              Type           Power        Failure   Level
a - Magic Dart            Conj           ##..         4%          1

Your spell library contained the following spells:

 Spells                   Type           Power        Failure   Level
 Searing Ray              Conj           ##....       6%          2
 Dazzling Flash           Conj/Hex       #.....       24%         3
 Fulminant Prism          Conj/Hex       #.........   63%         4
 Iskenderun's Mystic Bla  Conj/Tloc      #.......     63%         4


Dungeon Overview and Level Annotations

Branches:
Dungeon (3/15)

Altars:
Qazlal
Ru
Xom


Innate Abilities, Weirdness & Mutations

You are very small and have problems with some larger weapons.
You are too small for most types of armour.
You have supernaturally acute eyesight. (SInv)
You cover ground extremely quickly.


Message History

Press: ? - help, Shift-Dir - straight line, f/p - bullfrog skeleton
Aim: a bullfrog skeleton (severely damaged)
You shoot a stone. The stone hits the bullfrog skeleton.
The bullfrog skeleton is severely damaged.
The bullfrog skeleton closely misses you.
The bullfrog skeleton barely misses you.
Firing (i - inventory)
d - 101 stones (quivered)
Press: ? - help, Shift-Dir - straight line, f/p - bullfrog skeleton
Aim: a bullfrog skeleton (severely damaged)
You shoot a stone. The stone hits the bullfrog skeleton.
The bullfrog skeleton is almost destroyed.
The bullfrog skeleton hits you.
Firing (i - inventory)
d - 100 stones (quivered)
Press: ? - help, Shift-Dir - straight line, f/p - bullfrog skeleton
Aim: a bullfrog skeleton (almost destroyed)
You shoot a stone. The stone hits the bullfrog skeleton.
The bullfrog skeleton is almost destroyed.
The bullfrog skeleton hits you but does no damage.
The bullfrog skeleton hits you.
You die...

..........#.........#...##......
##........#.............#.......
#........#........#..#.....!...
#........#........##(#........
###.######.....##......#... #.#
##..............#.# #.#
#.............)..># #.#
#......)Z.........# #.#
#..)....@...........# #.#
#...................#
#...................#
#.....................
##...<..........#..##.>
##.....##.......... #. ####..#
#####. ...# #.#


You could see a bullfrog skeleton.

Vanquished Creatures
  An adder (D:2)
  2 oozes (D:2)
  A worm (D:3)
  A leopard gecko (D:2)
  5 bats
  3 giant cockroaches (D:1)
  7 goblins
  5 hobgoblins
  A quokka (D:2)
  4 frilled lizards
  3 kobolds
  4 rats
37 creatures vanquished.

Notes
Turn   | Place    | Note
-------+----------+-------------------------------------------
     0 | D:1      | Eifo4Ohj9gu9Dob0ohLe the Spriggan Conjurer began the quest
                  | for the Orb.
     0 | D:1      | Reached XP level 1. HP: 9/9 MP: 5/5
   605 | D:1      | Reached XP level 2. HP: 13/13 MP: 2/6
  2147 | D:2      | Reached XP level 3. HP: 16/16 MP: 6/8
  2167 | D:2      | Reached skill level 1 in Slings
  2833 | D:3      | Found a stormy altar of Qazlal.
  2834 | D:3      | Found a sacrificial altar of Ru.
  2842 | D:3      | Found a shimmering altar of Xom.
  3063 | D:3      | Slain by a bullfrog skeleton

Illustrated notes

Levels and vault maps discovered:
D:1:      roderic_chinese_lattice_arrival, layout_basic
D:2:      layout_rooms
D:3:      layout_rooms, grunt_temple_overflow_open

Skill      XL: |  1  2  3 |
---------------+----------+-----
Conjurations   | 3 |  3.3
Spellcasting   | 3 |  3.0
Slings         | 2 |  2.4
Dodging        | |  3.7
Stealth        | |  3.2

Action                   || total
-------------------------++-------
 Fire: Hunting sling     ||    68
 Cast: Magic Dart        ||    93
  Use: Potion            ||     5
       Scroll            ||     1
Armor: Robe              ||     9
Dodge: Dodged            ||    98

Table legend: (Time is in decaauts)
 A = Elapsed time spent in this place.
 B = Non-inter-level travel time spent in this place.
 C = Inter-level travel time spent in this place.
 D = Time resting spent in this place.
 E = Time spent auto-exploring this place.
 F = Levels seen in this place.
 G = Mean time per level.
                   A        B        C        D        E       F      G
               +--------+--------+--------+--------+--------+-----+--------+
         Total |   2626 |   2626 |      0 |   1665 |    194 |   3 |  875.3 |
       Dungeon |   2626 |   2626 |      0 |   1665 |    194 |   3 |  875.3 |
               +--------+--------+--------+--------+--------+-----+--------+

Top non-repeatable levels by time:
     D:1: 1367 daAuts
     D:2: 1123 daAuts
     D:3: 135 daAuts
